 Dungeon Crawl Stone Soup version 0.26-a0-812-g31a745ddcd (webtiles) character file.

Game seed: 11533874606163781727

31 loralnil the Insei (level 3, 0/28 HPs)
             Began as a Gnoll Transmuter on Dec 4, 2020.
             Succumbed to an adder's poison
             ... on level 2 of the Dungeon.
             The game lasted 00:01:24 (993 turns).

loralnil the Insei (Gnoll Transmuter)                Turns: 993, Time: 00:01:24

Health: 0/28       AC:  3    Str: 13    XL:     3   Next: 22%
Magic:  8/9        EV: 14    Int: 15    God:
Gold:   87         SH:  0    Dex: 15    Spells: 9/12 levels left

rFire    + . .     SeeInvis .     - Unarmed
rCold    + + .     Faith    .   (no shield)
rNeg     . . .     Spirit   .   a - +1 robe
rPois    +         Reflect  .   (no helmet)
rElec    +         Harm     .   (no cloak)
rCorr    +         Rampage  .   (no gloves)
MR       .....                  (no boots)
Stlth    ++........             j - amulet of inaccuracy (curse)
HPRegen  0.09/turn              e - ring of protection from cold
MPRegen  0.11/turn              (no ring)

@: lethally poisoned (0 -> -4), resistant
A: distributed training, fangs 1, strong nose
a: no special abilities


You were on level 2 of the Dungeon.
You visited 1 branch of the dungeon, and saw 2 of its levels.

You collected 87 gold pieces.

Inventory:

Armour
 a - a +1 robe (worn)
Jewellery
 b - an uncursed amulet of reflection
 e - a ring of protection from cold (left hand)
 j - a cursed amulet of inaccuracy (around neck)
Scrolls
 g - a scroll of immolation


   Skills:
 + Level 2.6 Fighting
 + Level 0.7 Short Blades
 + Level 0.7 Long Blades
 + Level 0.7 Axes
 + Level 0.7 Maces & Flails
 + Level 0.7 Polearms
 + Level 0.7 Staves
 + Level 0.7 Slings
 + Level 0.7 Bows
 + Level 0.7 Crossbows
 + Level 0.7 Throwing
 + Level 0.7 Armour
 + Level 4.5 Dodging
 + Level 0.7 Stealth
 + Level 0.7 Shields
 + Level 6.5 Unarmed Combat
 + Level 5.0 Spellcasting
 + Level 0.5 Conjurations
 + Level 0.5 Hexes
 + Level 0.5 Summonings
 + Level 0.5 Necromancy
 + Level 0.5 Translocations
 + Level 3.7 Transmutations
 + Level 0.5 Fire Magic
 + Level 0.5 Ice Magic
 + Level 0.5 Air Magic
 + Level 0.5 Earth Magic
 + Level 0.5 Poison Magic
 + Level 0.9 Invocations
 + Level 0.7 Evocations


You had 9 spell levels left.
You knew the following spells:

 Your Spells              Type           Power        Failure   Level
a - Beastly Appendage     Tmut           ###...       3%          1
b - Wereblood             Tmut           ###.....     5%          2

Your spell library contained the following spells:

 Spells                   Type           Power        Failure   Level
 Animate Skeleton         Necr           #.....       13%         1
 Pain                     Necr           #...         13%         1
 Spider Form              Tmut/Pois      ##........   21%         3
 Vampiric Draining        Necr           #.........   36%         3
 Ice Form                 Ice/Tmut       ##......     56%         4
 Blade Hands              Tmut           ###.......   67%         5
 Animate Dead             Necr           #.........   78%         4
 Agony                    Necr           #.......     98%         5


Dungeon Overview and Level Annotations

Branches:
Dungeon (2/15)

Altars:
Vehumet


Innate Abilities, Weirdness & Mutations

Your experience applies equally to all skills.
You have very sharp teeth.
Your uncanny sense of smell can sniff out nearby items.


Message History

* * * LOW HITPOINT WARNING * * *
You feel sick.
* * * LOW HITPOINT WARNING * * *
You feel sick.
Found a mace and a leatherbound book.
You see here an adder corpse.
Your horns disappear.
Your talons disappear.
* * * LOW HITPOINT WARNING * * *
You feel sick.
Found a radiant altar of Vehumet.
* * * LOW HITPOINT WARNING * * *
You feel sick.
Found 11 gold pieces.
You see here a book of Necromancy.
You pick up a book of Necromancy and begin reading...
You add the spells Pain, Animate Skeleton, Vampiric Draining, Animate Dead and Agony to your library.
* * * LOW HITPOINT WARNING * * *
You feel sick.
You see here 11 gold pieces.
You die...

*,,,,,,****** ****,******,,,
*****#.#* *,,,,,,,,,*,*+
#..######*,*******+*+*,
#.......##,* *,,,,,,
#........,,# *,,,,,,
#..*...#,,.# *,,,,,,
#.###.##*..# *,,,,,,
##..#...#..#* **,*+**
#....._@...# *,*,,,
#...#.$.#..# *,****
#..###.##*.# *****+*,,,
######...#...#,,# *,,,,,,,,,
#..).†......)..,* *,,,,,,,,,
##.########.####****,,,,,,,,,
#.# #...,,,,,,,,,,,,,,, #.#
###..,,,,,,,,,,,,,, #.#
*,.,,,,,,***,,,,∆


There were no monsters in sight!

Vanquished Creatures
  An adder (D:2)
  2 leopard geckos (D:1)
  4 bats (D:1)
  4 goblins
  2 hobgoblins
  4 kobolds (D:1)
  3 rats (D:1)
20 creatures vanquished.

Notes
Turn   | Place    | Note
-------+----------+-------------------------------------------
     0 | D:1      | loralnil the Gnoll Transmuter began the quest for the Orb.
     0 | D:1      | Reached XP level 1. HP: 17/17 MP: 6/6
   261 | D:1      | Reached XP level 2. HP: 23/23 MP: 5/7
   300 | D:1      | Learned a level 2 spell: Wereblood
   976 | D:2      | Reached skill level 5 in Spellcasting
   976 | D:2      | Reached XP level 3. HP: 11/28 MP: 6/9
   987 | D:2      | Found a radiant altar of Vehumet.
   990 | D:2      | HP: 1/28 [poisoned by an adder]
   993 | D:2      | Succumbed to an adder's poison

Illustrated notes

Levels and vault maps discovered:
D:1:      minmay_arrival_arboretum_small, layout_loops_ring
D:2:      layout_basic, tgw_xom, vehumet_crystals, uniq_terence

Skill      XL: |  1  2 |
---------------+-------+-----
Spellcasting   | 5 |  5.0
Fighting       | |  2.6
Short Blades   | |  0.7
Long Blades    | |  0.7
Axes           | |  0.7
Maces & Flails | |  0.7
Polearms       | |  0.7
Staves         | |  0.7
Slings         | |  0.7
Bows           | |  0.7
Crossbows      | |  0.7
Throwing       | |  0.7
Armour         | |  0.7
Dodging        | |  4.5
Stealth        | |  0.7
Shields        | |  0.7
Unarmed Combat | |  6.5
Conjurations   | |  0.5
Hexes          | |  0.5
Summonings     | |  0.5
Necromancy     | |  0.5
Translocations | |  0.5
Transmutations | |  3.7
Fire Magic     | |  0.5
Ice Magic      | |  0.5
Air Magic      | |  0.5
Earth Magic    | |  0.5
Poison Magic   | |  0.5
Invocations    | |  0.9
Evocations     | |  0.7

Action                   || total
-------------------------++-------
Melee: Unarmed           ||    40
       Kick              ||     4
       Headbutt          ||     4
       Bite              ||     4
       Punch             ||     2
 Cast: Beastly Appendage ||    13
  Use: Scroll            ||     5
       Potion            ||     1
 Stab: Sleeping          ||     1
Armor: Robe              ||     9
Dodge: Dodged            ||    26
Block: Other             ||     8
       Reflection        ||     1

Table legend: (Time is in decaauts)
 A = Elapsed time spent in this place.
 B = Non-inter-level travel time spent in this place.
 C = Inter-level travel time spent in this place.
 D = Time resting spent in this place.
 E = Time spent auto-exploring this place.
 F = Levels seen in this place.
 G = Mean time per level.
                   A        B        C        D        E       F      G
               +--------+--------+--------+--------+--------+-----+--------+
         Total |    987 |    968 |     19 |      0 |    799 |   2 |  493.5 |
       Dungeon |    987 |    968 |     19 |      0 |    799 |   2 |  493.5 |
               +--------+--------+--------+--------+--------+-----+--------+

Top non-repeatable levels by time:
     D:1: 832 daAuts
     D:2: 154 daAuts
